 Dungeon Sprint DCSS version 0.20-a0-1122-gb7cbeb9 (webtiles) character file.

18537 Laraso the Draconian Blade (level 17, -3/183 HPs)
             Began as a Grey Draconian Fighter on May 13, 2017.
             Was the Champion of Trog.
             Slain by a spriggan rider
             ... wielding a +0 spear
              (20 damage)
             ... in the Dungeon (Sprint VI: "Thunderdome").
             The game lasted 00:28:03 (3620 turns).

Laraso the Draconian Blade (Grey Draconian Fighter) Turns: 3620, Time: 00:28:03

Health: -3/183     AC: 21    Str: 27 (28) XL:     17   Next: 39%
Magic:  17/17      EV: 21    Int: 14      God:    Trog [******]
Gold:   1864       SH:  0    Dex: 18 (20) Spells: 16/16 levels left

rFire    . . .     SeeInvis +   a - +8 triple sword (drain)
rCold    + + +     Gourm    .   (shield currently unavailable)
rNeg     + . .     Faith    .   (armour unavailable)
rPois    +         Spirit   .   n - +1 hat of Niapento {rElec Dex-2 Stlth+}
rElec    +         Reflect  .   u - +2 cloak "Joatheys" {Dex+4}
rCorr    +         Harm     .   p - +0 pair of gloves of the Hanged Man {rPois Regen+ Slay+5 Stlth-} (curse)
MR       +++++     NoTele   +   q - +1 pair of boots of Xalot {Slay+2}
Stlth    +++.......             c - amulet of Hahilid {RegenMP rC+ MR+ Str+4}
Regen    1.0/turn               b - ring of Noleroant {rCorr *Drain rC+++ Int+3 SInv}
MPRegen  0.3/turn               C - ring of Propriety {rElec rC- rN+ MR++ Dex+3}

@: mighty, lethally poisoned (-3 -> -35), grasped by roots, regenerating,
hasted, very quick
A: walk through water, unfitting armour, blurry vision 1, deterioration 2,
poison resistance, screaming 1, inhibited regeneration, unbreathing,
cold-blooded, AC +14
}: 4/15 runes: serpentine, slimy, gossamer, mossy
a: Berserk, Trog's Hand, Brothers in Arms, Burn Spellbooks, Renounce Religion


You were in the Dungeon.
You worshipped Trog.
Trog was exalted by your worship.
You were hungry.

You visited 1 branch You collected 10310 gold pieces.
You spent 8446 gold pieces at shops.

Inventory:

Hand Weapons
 a - a +8 triple sword of draining (weapon)
Armour
 n - the +1 hat of Niapento (worn) {rElec Dex-2 Stlth+}
   (You bought it in a shop in the Dungeon)

   It affects your dexterity (-2).
   It insulates you from electricity.
   It makes you more stealthy.
 p - the cursed +0 pair of gloves of the Hanged Man (worn) {rPois Regen+ Slay+5 Stlth-}
   (You bought it in a shop in the Dungeon)

   It affects your accuracy and damage with ranged weapons and melee attacks
   (+5).
   It protects you from poison.
   It increases your rate of regeneration.
   It makes you less stealthy.
   It has a curse placed upon it.
 q - the +1 pair of boots of Xalot (worn) {Slay+2}
   (You bought it in a shop in the Dungeon)

   It affects your accuracy and damage with ranged weapons and melee attacks
   (+2).
 u - the +2 cloak "Joatheys" (worn) {Dex+4}
   (You bought it in a shop in the Dungeon)

   It affects your dexterity (+4).
Jewellery
 b - the ring of Noleroant (left hand) {rCorr *Drain rC+++ Int+3 SInv}
   (You bought it in a shop in the Dungeon)

   [ring of resist corrosion]

   It affects your intelligence (+3).
   It renders you almost immune to cold.
   It lets you see invisible.
   It causes draining when unequipped.
 c - the amulet of Hahilid (around neck) {RegenMP rC+ MR+ Str+4}
   (You bought it in a shop in the Dungeon)

   [amulet of magic regeneration]

   It increases your magic regeneration.
   It affects your strength (+4).
   It protects you from cold.
   It affects your resistance to hostile enchantments.
 C - the ring of Propriety (right hand) {rElec rC- rN+ MR++ Dex+3}
   (You bought it in a shop in the Dungeon)

   [ring of positive energy]

   It affects your dexterity (+3).
   It makes you vulnerable to cold.
   It insulates you from electricity.
   It protects you from negative energy.
   It affects your resistance to hostile enchantments.
Wands
 k - a wand of acid (0/15)
 l - a wand of iceblast (0/15)
 v - a wand of enslavement (6/24)
Scrolls
 j - 6 scrolls of blinking
 m - 3 scrolls of fog
 t - 3 scrolls of silence
 x - 3 scrolls of identify
Potions
 d - 5 potions of might
 e - 6 potions of curing
 f - 16 potions of heal wounds
 g - 4 potions of haste
 h - 2 potions of magic
 i - a potion of berserk rage
 s - 6 potions of resistance
Miscellaneous
 r - a quad damage
 w - a quad damage
Comestibles
 o - 20 royal jellies


   Skills:
 * Level 24.7 Fighting
 - Level 26.1 Long Blades
 * Level 23.4 Dodging
 - Level 3.7 Stealth
   Level 3.0 Shields


You had 16 spell levels left.
You didn't know any spells.

Dungeon Overview and Level Annotations

Branches:
Dungeon (1/1)

Altars:
Cheibriados
Dithmenos
Fedhas
Gozag
Kikubaaqudgha
Makhleb
Okawaru
Qazlal
Ru
Sif Muna
Trog
Uskayaw
Vehumet
Wu Jian
Xom
Yredelemnul
Zin
The Shining One
Beogh
Jiyva
Lugonu

Shops:
D [%??*?*:[((!!!!


Innate Abilities, Weirdness & Mutations

You can walk through water.
Your dull iron-grey scales are very hard. (AC +14)
You cannot fit into any form of body armour.
You can survive without breathing.
You are cold-blooded and may be slowed by cold attacks.
Scrolls take you a little longer to read.
Your body often deteriorates upon taking damage.
Your system is resistant to poisons. (rPois)
You occasionally shout uncontrollably at your foes.
You do not regenerate when monsters are visible.


Message History

Unknown command.
Your skin crawls.
You feel resistant to hostile enchantments.
You feel somewhat more hungry.
You feel sick.
The spriggan defender hits you with a demon whip of venom.
* * * LOW HITPOINT WARNING * * *
The spriggan rider hits you but does no damage.
The spriggan berserker prays to Trog.
The spriggan berserker goes berserk!
The spriggan rider hits you but does no damage.
The spriggan druid points at you and mumbles some strange words.
The stone arrow misses you.
You take 6 damage, and have 104/183 hp.
Unknown command.
Your deep troll goes berserk!
You are feeling hungry.
You feel sick. The spriggan rider closely misses you.
The spriggan defender barely misses you.
You take 1 damage, and have 103/183 hp.
Unknown command.
You cut the spriggan druid into ribbons!!!
You kill the spriggan druid!
Trog accepts your kill.
Trog appreciates your killing of a magic user.
The spriggan rider hits you from afar with a spear!!
* * * LOW HITPOINT WARNING * * *
The spriggan defender hits you with a demon whip of venom.
* * * LOW HITPOINT WARNING * * *
The spriggan berserker rages.
The spriggan rider hits you from afar with a spear!!
* * * LOW HITPOINT WARNING * * *
Your body deteriorates!
You feel clumsy. The spriggan rider misses you.
You take 42 damage, and have 61/183 hp.
MASSIVE DAMAGE!!
You feel sick.
The spriggan defender blocks your deep troll's attack. x3
The spriggan rider hits you with a spear!!
* * * LOW HITPOINT WARNING * * *
The spriggan berserker hits you with a war axe of venom!!
* * * LOW HITPOINT WARNING * * *
Your body deteriorates!
You feel weakened.
You are lethally poisoned!
Things that are here:
a flail; an animal skin You take 43 damage, and have 18/183 hp.
MASSIVE DAMAGE!!
Really read with blurry vision while enemies are nearby? [Y]es or [N]o only, please.
Really read with blurry vision while enemies are nearby? [Y]es or [N]o only, please.
Really read with blurry vision while enemies are nearby?
* * * LOW HITPOINT WARNING * * *
You feel sick.
The spriggan rider blocks your deep troll's attack. x2
Your deep troll misses the spriggan rider.
The spriggan rider hits you with a spear!!
You die...

###.....(...###
#⌠...[.(.....⌠#
######.8..[.((...8.##
##∩__....[)[###.[.(...
###=......))8[# #)8).(..
##.=......[([..###)(..)))
#⌠........)[###[.)###.)..
#⌠.....)i[.)# #(<)# #....
#⌠[.[.(i@i[)###(.)###....
##..(=.[.iiT)))###)(.....
###∩[....[[[8[# #.8).)..
##∩.__..i..)###()...._
######.8f[..)..")8)##
#⌠.[.(.......⌠#
###).....[..###
#_......._# #_......._#


You could see a shambling mangrove, a spriggan defender, 4 spriggan riders, a
spriggan berserker (berserk) and a friendly deep troll (berserk).

Vanquished Creatures
  Agnes (D)
  3 Killer Klowns (D)
  A great orb of eyes (D)
  A Hell Sentinel (D)
  3 acid blobs (D)
  Donald (D)
  An azure jelly (D)
  2 fire giants (D)
  3 frost giants (D)
  Louise (D)
  2 ghouls (D)
  A spriggan defender (D)
  3 stone giants (D)
  An anaconda (D)
  A dire elephant (D)
  3 vault guards (D)
  15 dancing weapons (D)
  A vampire mage (D)
  2 two-headed ogres (D)
  5 ogre magi (D)
  A spriggan berserker (D)
  2 sun demons (D)
  2 fire crabs (shapeshifter) (D)
  A soul eater (D)
  A sea snake (shapeshifter) (D)
  A death drake (shapeshifter) (D)
  2 sixfirhies (D)
  2 hell knights (D)
  A spriggan druid (D)
  4 wizards (D)
  A harpy (shapeshifter) (D)
  An orb spider (shapeshifter) (D)
  4 necromancers (D)
  2 deep elf magi (D)
  An orb spider (D)
  A wolf spider (D)
  11 shining eyes (D)
  An ugly thing (D)
  A salamander (shapeshifter) (D)
  3 cyclopes (D)
  A rust devil (D)
  2 naga magi (D)
  An eye of devastation (D)
  A smoke demon (D)
  A spiny frog (shapeshifter) (D)
  A komodo dragon (D)
  A demonic crawler (D)
  3 hellwings (D)
  An efreet (D)
  2 ice devils (D)
  A tengu conjurer (D)
  2 jumping spiders (D)
  3 slime creatures (D)
  A wind drake (shapeshifter) (D)
  4 bog bodies (D)
  A dream sheep (shapeshifter) (D)
  2 tarantellas (D)
  A redback (D)
  A wraith (D)
  Sigmund (D)
  A ynoxinul (D)
  2 fire elementals (D)
  2 fire bats (D)
  4 chaos spawn (D)
  2 hell hounds (D)
  7 dwarves (D)
  5 orc warriors (D)
  5 necrophages (D)
  A crocodile (shapeshifter) (D)
  A bullfrog (D)
  2 wights (D)
  An orc wizard (D)
  A spectral adder (D)
  An adder zombie (D)
  A worm (D)
  An orc (D)
  2 goblins (D)
  2 quokkas (D)
  3 rats (D)
  A spectral giant cockroach (D)
  A spectral jackal (D)
171 creatures vanquished.

Vanquished Creatures (collateral kills)
  A jelly (D)
1 creature vanquished.

Vanquished Creatures (others)
  A dwarf (D)
1 creature vanquished.

Grand Total: 173 creatures vanquished

Notes
Turn   | Place    | Note
-------+----------+-------------------------------------------
     0 | D        | Laraso the Draconian Fighter began the quest for the Orb.
     0 | D        | Reached XP level 1. HP: 19/19 MP: 1/1
     1 | D        | Found a glowing golden altar of the Shining One.
     1 | D        | Found a sacrificial altar of Ru.
     2 | D        | Found a burning altar of Makhleb.
     2 | D        | Found a corrupted altar of Lugonu.
     3 | D        | Found a shimmering altar of Xom.
     3 | D        | Found a radiant altar of Vehumet.
     4 | D        | Found a hide-covered altar of Uskayaw.
     4 | D        | Found a deep blue altar of Sif Muna.
     4 | D        | Found Desoaxzo's Premium Goods.
     4 | D        | Found Kyno's Weapon Rack.
     5 | D        | Found Fukkim's Miscellaneous Merchandise.
     5 | D        | Found Derrae's Basic Armour.
     5 | D        | Round 1.
    16 | D        | Found Zemosegh's Identification Station.
    16 | D        | Found Iruibut's Advanced Armour.
    17 | D        | Found Xemeidumn's Jewellery.
    18 | D        | Found an ancient bone altar of Kikubaaqudgha.
    18 | D        | Found a glowing silver altar of Zin.
    18 | D        | Found Baurat's Bee Food.
    23 | D        | Found a shadowy altar of Dithmenos.
    26 | D        | Found a basalt altar of Yredelemnul.
    26 | D        | Found a viscous altar of Jiyva.
    31 | D        | Found Nuloz's Magic Scroll Shop.
    32 | D        | Found a bloodstained altar of Trog.
    32 | D        | Found a snail-covered altar of Cheibriados.
    32 | D        | Found an iron altar of Okawaru.
    32 | D        | Found Xomo's Staff Store.
    32 | D        | Found Ylyss's Magic Scroll Shop.
    32 | D        | Found Vuosokufra's Must-Have Magic.
    40 | D        | Became a worshipper of Trog the Wrathful
    44 | D        | Found a roughly hewn altar of Beogh.
    45 | D        | Found a blossoming altar of Fedhas.
    46 | D        | Found Wuzeylu's Distillery.
    47 | D        | Found Suinewif's Distillery.
    47 | D        | Found Fogaew's Bottled Wisdom.
    48 | D        | Found an opulent altar of Gozag.
    48 | D        | Found a stormy altar of Qazlal.
    48 | D        | Found an ornate altar of the Wu Jian Council.
    48 | D        | Found Necixkini's Do-It-Yourself Clinic.
    77 | D        | Reached skill level 3 in Long Blades
    78 | D        | Noticed Sigmund
    84 | D        | Reached skill level 4 in Long Blades
    89 | D        | HP: 2/19 [something (6)]
    93 | D        | Killed Sigmund
    93 | D        | Reached * piety under Trog
    93 | D        | Reached skill level 10 in Long Blades
    93 | D        | Reached XP level 2. HP: 5/26 MP: 2/2
    93 | D        | Reached XP level 3. HP: 6/31 MP: 3/3
    93 | D        | Reached XP level 4. HP: 7/38 MP: 4/4
    93 | D        | Reached XP level 5. HP: 9/45 MP: 5/5
   102 | D        | Arena points: 12 (+12) [x2]
   146 | D        | Round 2.
   154 | D        | Reached ** piety under Trog
   248 | D        | Arena points: 48 (+36) [x3]
   304 | D        | Round 3.
   319 | D        | Reached *** piety under Trog
   319 | D        | Reached skill level 11 in Long Blades
   370 | D        | Noticed a wraith
   385 | D        | Killed a wraith
   385 | D        | Reached skill level 13 in Long Blades
   385 | D        | Reached XP level 6. HP: 37/51 MP: 6/6
   386 | D        | Reached **** piety under Trog
   396 | D        | Arena points: 132 (+84) [x4]
   411 | D        | Bought a pair of distressingly furry gloves for 332 gold pieces
   416 | D        | Identified the cursed +0 pair of gloves of the Hanged Man {rPois Regen+ Slay+5 Stlth-} (You bought it in a shop in the Dungeon)
   455 | D        | Round 4.
   463 | D        | Noticed an orc warrior
   469 | D        | Killed an orc warrior
   469 | D        | Reached skill level 14 in Long Blades
   492 | D        | Noticed an orc warrior
   499 | D        | Killed an orc warrior
   499 | D        | Reached ***** piety under Trog
   499 | D        | Your scales start taking on a dull iron-grey colour.
   499 | D        | Reached XP level 7. HP: 41/57 MP: 7/7
   499 | D        | Gained mutation: You can survive without breathing. [Grey Draconian growth]
   504 | D        | Reached skill level 15 in Long Blades
   510 | D        | Received a gift from Trog
   543 | D        | Reached skill level 16 in Long Blades
   559 | D        | Arena points: 160 (+28) [x1]
   574 | D        | Round 5.
   585 | D        | Noticed a giant anaconda
   591 | D        | HP: 21/57 [giant anaconda (17)]
   595 | D        | Killed a giant anaconda
   595 | D        | Arena points: 265 (+105) [x3]
   595 | D        | Reached skill level 18 in Long Blades
   595 | D        | Reached XP level 8. HP: 50/63 MP: 8/8
   596 | D        | Got a serpentine rune of Zot
   597 | D        | Reached skill level 6 in Dodging
   597 | D        | Reached XP level 9. HP: 57/70 MP: 9/9
   805 | D        | Round 6.
   809 | D        | Noticed a sixfirhy
   811 | D        | Killed a sixfirhy
   811 | D        | Reached skill level 20 in Long Blades
   811 | D        | Reached XP level 10. HP: 77/77 MP: 10/10
   819 | D        | Noticed a smoke demon
   827 | D        | Killed a smoke demon
   827 | D        | Reached skill level 7 in Dodging
   848 | D        | Reached skill level 8 in Dodging
   857 | D        | Reached skill level 9 in Dodging
   873 | D        | Bought 3 royal jellies for 24 gold pieces
   956 | D        | Received a gift from Trog
   959 | D        | Reached skill level 10 in Dodging
   976 | D        | Noticed a rust devil
   984 | D        | Killed a rust devil
   984 | D        | Arena points: 457 (+192) [x4]
   984 | D        | Reached skill level 11 in Dodging
  1001 | D        | Bought a pair of transparent boots for 332 gold pieces
  1006 | D        | Identified the +1 pair of boots of Xalot {Slay+2} (You bought it in a shop in the Dungeon)
  1013 | D        | Round 7.
  1016 | D        | Noticed a harpy
  1016 | D        | Noticed a spiny frog
  1016 | D        | Noticed a guardian serpent
  1020 | D        | Noticed a harpy
  1020 | D        | Killed a harpy
  1030 | D        | Noticed an orb spider
  1030 | D        | a hog changed into an orb spider
  1034 | D        | Killed a spiny frog
  1034 | D        | Reached skill level 12 in Dodging
  1041 | D        | Noticed a fire crab
  1041 | D        | a wind drake changed into a fire crab
  1046 | D        | Killed a fire crab
  1046 | D        | Reached skill level 13 in Dodging
  1046 | D        | HP: 28/77 [something (7)]
  1049 | D        | HP: 7/77 [disintegration (23)]
  1050 | D        | Killed an orb spider
  1050 | D        | Received a gift from Trog
  1057 | D        | Noticed a death drake
  1057 | D        | a yaktaur changed into a death drake
  1063 | D        | HP: 20/77 [death drake (shapeshifter)/foul vapour (3)]
  1064 | D        | Killed a death drake
  1064 | D        | Received a gift from Trog
  1064 | D        | Reached skill level 14 in Dodging
  1064 | D        | Reached XP level 11. HP: 22/82 MP: 11/11
  1075 | D        | Noticed a fire crab
  1075 | D        | a yak changed into a fire crab
  1083 | D        | HP: 28/82 [fire crab (shapeshifter)] (9)]
  1085 | D        | HP: 11/82 [fire crab (shapeshifter) (15)]
  1090 | D        | Killed a fire crab
  1090 | D        | Reached skill level 15 in Dodging
  1096 | D        | Arena points: 807 (+350) [x5]
  1116 | D        | Bought a heavily runed hat for 315 gold pieces
  1118 | D        | Round 8.
  1121 | D        | Identified the +1 hat of Niapento {rElec Dex-2 Stlth+} (You bought it in a shop in the Dungeon)
  1157 | D        | Noticed a sun demon
  1166 | D        | Killed a sun demon
  1166 | D        | Reached ****** piety under Trog
  1166 | D        | Reached skill level 5 in Fighting
  1177 | D        | Received a gift from Trog
  1177 | D        | Reached skill level 6 in Fighting
  1189 | D        | Arena points: 1239 (+432) [x6]
  1189 | D        | Reached skill level 7 in Fighting
  1203 | D        | Bought a bloodstained cloak for 332 gold pieces
  1208 | D        | Identified the +3 cloak of Insecurity {Str+3} (You bought it in a shop in the Dungeon)
  1241 | D        | Bought 3 potions of heal wounds for 105 gold pieces
  1241 | D        | Bought 3 potions of heal wounds for 105 gold pieces
  1255 | D        | Round 9.
  1292 | D        | Reached skill level 8 in Fighting
  1301 | D        | Arena points: 1806 (+567) [x7]
  1333 | D        | Round 10.
  1375 | D        | Reached skill level 9 in Fighting
  1385 | D        | Received a gift from Trog
  1387 | D        | Noticed an orb spider
  1390 | D        | Reached skill level 10 in Fighting
  1416 | D        | Killed an orb spider
  1416 | D        | Reached skill level 11 in Fighting
  1426 | D        | Noticed a wolf spider
  1430 | D        | Killed a wolf spider
  1445 | D        | Arena points: 2616 (+810) [x9]
  1445 | D        | Reached skill level 12 in Fighting
  1448 | D        | Got a gossamer rune of Zot
  1449 | D        | Reached skill level 13 in Fighting
  1449 | D        | Reached XP level 12. HP: 115/115 MP: 12/12
  1486 | D        | Bought a +0 triple sword for 300 gold pieces
  1509 | D        | Bought 8 scrolls of enchant weapon for 600 gold pieces
  1616 | D        | Round 11.
  1645 | D        | Noticed a ghoul
  1666 | D        | Killed a ghoul
  1666 | D        | Received a gift from Trog
  1666 | D        | Reached skill level 21 in Long Blades
  1694 | D        | Bought a potion of curing for 21 gold pieces
  1718 | D        | Bought 3 royal jellies for 24 gold pieces
  1741 | D        | Noticed a ghoul
  1749 | D        | Received a gift from Trog
  1760 | D        | HP: 45/115 [ghoul (4)]
  1763 | D        | Killed a ghoul
  1763 | D        | Reached skill level 22 in Long Blades
  1763 | D        | Reached XP level 13. HP: 74/122 MP: 13/13
  1769 | D        | Arena points: 3936 (+1320) [x10]
  1792 | D        | Bought a scroll of brand weapon for 200 gold pieces
  1803 | D        | Round 12.
  1812 | D        | Noticed Donald
  1819 | D        | Noticed Louise
  1831 | D        | Received a gift from Trog
  1838 | D        | Killed Donald
  1840 | D        | Reached skill level 23 in Long Blades
  1849 | D        | Received a gift from Trog
  1858 | D        | Killed Louise
  1858 | D        | Arena points: 5652 (+1716) [x11]
  1858 | D        | Reached skill level 24 in Long Blades
  1879 | D        | Bought a transparent bone amulet for 45 gold pieces
  1879 | D        | Bought a scintillating jade ring for 45 gold pieces
  1879 | D        | Bought a fine pewter ring for 45 gold pieces
  1879 | D        | Identified the ring of Wavoxob {rElec rN+ MP+9 Int-3 Stlth+} (You bought it in a shop in the Dungeon)
  1881 | D        | Identified the amulet "Ydghiesi" {Inacc rC+} (You bought it in a shop in the Dungeon)
  1884 | D        | Identified the ring of Xoegiam {rElec Str+4 SInv} (You bought it in a shop in the Dungeon)
  1892 | D        | Bought a faintly glowing tin amulet for 45 gold pieces
  1892 | D        | Bought a transparent pewter ring for 45 gold pieces
  1892 | D        | Identified the amulet "Pebrax" {Reflect Dex+4 SH+2 Stlth+} (You bought it in a shop in the Dungeon)
  1893 | D        | Identified the ring of the Messenger {Wiz Int+4} (You bought it in a shop in the Dungeon)
  1898 | D        | Bought a scintillating graven amulet for 45 gold pieces
  1898 | D        | Bought a faintly glowing lapis lazuli ring for 45 gold pieces
  1899 | D        | Identified the amulet of Hahilid {RegenMP rC+ MR+ Str+4} (You bought it in a shop in the Dungeon)
  1903 | D        | Identified the ring of Xepp {Str+7 SInv Stlth-} (You bought it in a shop in the Dungeon)
  1906 | D        | Bought a smoking tin ring for 45 gold pieces
  1906 | D        | Identified the ring of Noleroant {rCorr *Drain rC+++ Int+3 SInv} (You bought it in a shop in the Dungeon)
  1909 | D        | Bought a smoking brass ring for 45 gold pieces
  1910 | D        | Identified the ring of Untruth {Ice Str+4 SInv} (You bought it in a shop in the Dungeon)
  1919 | D        | Round 13.
  1941 | D        | Bought 6 potions of might for 168 gold pieces
  1941 | D        | Bought 3 potions of haste for 210 gold pieces
  1942 | D        | Bought a potion of heal wounds for 35 gold pieces
  1949 | D        | Bought 4 potions of curing for 84 gold pieces
  1962 | D        | Received a gift from Trog
  1964 | D        | Gained mutation: Your body sometimes deteriorates upon taking damage. [a shining eye]
  1972 | D        | Gained mutation: Your system is resistant to poisons. (rPois) [a shining eye]
  1998 | D        | Gained mutation: You occasionally shout uncontrollably at your foes. [a shining eye]
  2012 | D        | Received a gift from Trog
  2012 | D        | Arena points: 7212 (+1560) [x12]
  2012 | D        | Reached skill level 25 in Long Blades
  2018 | D        | Bought 3 scrolls of silence for 225 gold pieces
  2018 | D        | Bought 3 scrolls of blinking for 225 gold pieces
  2033 | D        | Bought a scroll of brand weapon for 200 gold pieces
  2073 | D        | Round 14.
  2138 | D        | Received a gift from Trog
  2148 | D        | Received a gift from Trog
  2176 | D        | Reached skill level 26 in Long Blades
  2235 | D        | Received a gift from Trog
  2249 | D        | Arena points: 7366 (+154) [x1]
  2264 | D        | Round 15.
  2271 | D        | Noticed a dire elephant
  2284 | D        | Killed a dire elephant
  2284 | D        | Reached skill level 14 in Fighting
  2284 | D        | Reached skill level 16 in Dodging
  2291 | D        | Noticed Agnes
  2304 | D        | Killed Agnes
  2304 | D        | Arena points: 7861 (+495) [x3]
  2304 | D        | Reached skill level 15 in Fighting
  2304 | D        | Reached XP level 14. HP: 98/134 MP: 14/14
  2307 | D        | Got a mossy rune of Zot
  2309 | D        | Reached skill level 17 in Dodging
  2309 | D        | Reached XP level 15. HP: 108/140 MP: 15/15
  2327 | D        | Bought a pair of shimmering gloves for 332 gold pieces
  2515 | D        | Round 16.
  2548 | D        | Noticed a Hell Sentinel
  2562 | D        | Killed a Hell Sentinel
  2562 | D        | Reached skill level 16 in Fighting
  2572 | D        | Received a gift from Trog
  2639 | D        | Bought 3 scrolls of identify for 150 gold pieces
  2640 | D        | Identified the cursed -4 pair of gloves of the Trees {rPois MR+ Regen+} (You bought it in a shop in the Dungeon)
  2651 | D        | Bought 3 royal jellies for 24 gold pieces
  2651 | D        | Bought 3 royal jellies for 24 gold pieces
  2672 | D        | Received a gift from Trog
  2672 | D        | Arena points: 8565 (+704) [x4]
  2705 | D        | Bought a vibrating brass amulet for 45 gold pieces
  2705 | D        | Bought a wavering glass ring for 45 gold pieces
  2705 | D        | Bought a smoking silver ring for 45 gold pieces
  2705 | D        | Bought a crude sapphire amulet for 45 gold pieces
  2705 | D        | Bought a twitching silver ring for 45 gold pieces
  2705 | D        | Bought a bound platinum ring for 45 gold pieces
  2705 | D        | Bought an ancient copper ring for 45 gold pieces
  2705 | D        | Bought a flickering steel ring for 45 gold pieces
  2711 | D        | Round 17.
  2712 | D        | Bought 3 scrolls of identify for 150 gold pieces
  2712 | D        | Bought 3 scrolls of identify for 150 gold pieces
  2712 | D        | Identified the amulet "Geamex" {+Fly rPois Regen+ Stlth+} (You bought it in a shop in the Dungeon)
  2713 | D        | Identified the cursed ring of Kaom {rElec MP-9 Int+4 Dex-3 SInv} (You bought it in a shop in the Dungeon)
  2714 | D        | Identified the ring of Roon {*Drain +Inv +Fly rElec MR++} (You bought it in a shop in the Dungeon)
  2715 | D        | Identified the amulet of Kindness {rC+ Regen+} (You bought it in a shop in the Dungeon)
  2716 | D        | Identified the ring of Brilliance {MP+9 Int+6 Dex+5 Stlth-} (You bought it in a shop in the Dungeon)
  2717 | D        | Identified the ring of Apumairr {rC- Int+6 Dex+3} (You bought it in a shop in the Dungeon)
  2718 | D        | Identified the ring of Propriety {rElec rC- rN+ MR++ Dex+3} (You bought it in a shop in the Dungeon)
  2720 | D        | Identified the ring "Taitwigg" {Fire *Drain +Fly Dex+3} (You bought it in a shop in the Dungeon)
  2742 | D        | Reached skill level 17 in Fighting
  2742 | D        | Reached skill level 18 in Dodging
  2789 | D        | Noticed a frost giant
  2790 | D        | Noticed a frost giant
  2797 | D        | Killed a frost giant
  2797 | D        | Received a gift from Trog
  2802 | D        | HP: 47/147 [frost giant/battleaxe of freezing (33)]
  2805 | D        | Killed a frost giant
  2806 | D        | Noticed a fire giant
  2809 | D        | Reached skill level 18 in Fighting
  2812 | D        | Killed a fire giant
  2813 | D        | Noticed a fire giant
  2814 | D        | HP: 51/149 [fire giant/fireball (32)]
  2829 | D        | Killed a fire giant
  2839 | D        | Noticed a frost giant
  2841 | D        | Received a gift from Trog
  2841 | D        | Reached skill level 19 in Dodging
  2850 | D        | Killed a frost giant
  2861 | D        | Arena points: 9585 (+1020) [x5]
  2861 | D        | Reached skill level 19 in Fighting
  2915 | D        | Round 18.
  2920 | D        | Noticed a Killer Klown
  2934 | D        | Killed a Killer Klown
  2946 | D        | Noticed a Killer Klown
  2953 | D        | Killed a Killer Klown
  2953 | D        | Reached skill level 20 in Fighting
  2953 | D        | Reached skill level 20 in Dodging
  2957 | D        | Received a gift from Trog
  2986 | D        | Bought a twisted cloak for 332 gold pieces
  2986 | D        | Bought a pair of spiked boots for 332 gold pieces
  2987 | D        | Bought 3 scrolls of identify for 150 gold pieces
  2987 | D        | Identified the +2 cloak "Joatheys" {Dex+4} (You bought it in a shop in the Dungeon)
  2988 | D        | Identified the +3 pair of boots "Damnable Contraption" {Int+4} (You bought it in a shop in the Dungeon)
  3025 | D        | Received a gift from Trog
  3059 | D        | Noticed a Killer Klown
  3060 | D        | Received a gift from Trog
  3060 | D        | Reached skill level 21 in Fighting
  3084 | D        | Killed a Killer Klown
  3084 | D        | Reached skill level 21 in Dodging
  3106 | D        | Arena points: 11421 (+1836) [x6]
  3122 | D        | Bought a quad damage for 400 gold pieces
  3123 | D        | Round 19.
  3124 | D        | Noticed an acid blob
  3131 | D        | Killed an acid blob
  3131 | D        | Reached skill level 22 in Fighting
  3146 | D        | Bought 3 potions of heal wounds for 105 gold pieces
  3146 | D        | Bought 3 potions of heal wounds for 105 gold pieces
  3153 | D        | Bought 6 potions of resistance for 420 gold pieces
  3183 | D        | Gained mutation: Scrolls take you a little longer to read. [a shining eye]
  3186 | D        | Noticed an azure jelly
  3187 | D        | Noticed an acid blob
  3198 | D        | Killed an acid blob
  3198 | D        | Reached XP level 16. HP: 149/170 MP: 16/16
  3235 | D        | Noticed an acid blob
  3244 | D        | Killed an acid blob
  3244 | D        | Received a gift from Trog
  3244 | D        | Reached skill level 22 in Dodging
  3244 | D        | Gained mutation: Your body often deteriorates upon taking damage. [a shining eye]
  3246 | D        | Gained mutation: You do not regenerate when monsters are visible. [a shining eye]
  3254 | D        | Arena points: 13017 (+1596) [x7]
  3271 | D        | Bought a quad damage for 400 gold pieces
  3271 | D        | Bought 5 potions of heal wounds for 500 gold pieces
  3325 | D        | Round 20.
  3344 | D        | Noticed an acid blob
  3354 | D        | Arena points: 15177 (+2160) [x9]
  3354 | D        | Reached skill level 23 in Fighting
  3357 | D        | Got a slimy rune of Zot
  3361 | D        | Reached skill level 3 in Stealth
  3361 | D        | Reached XP level 17. HP: 180/180 MP: 17/17
  3522 | D        | Round 21.
  3536 | D        | Received a gift from Trog
  3543 | D        | Reached skill level 24 in Fighting
  3544 | D        | Reached skill level 23 in Dodging
  3556 | D        | Received a gift from Trog
  3572 | D        | Arena points: 18537 (+3360) [x10]
  3593 | D        | Bought 3 scrolls of identify for 150 gold pieces
  3601 | D        | Bought 3 royal jellies for 24 gold pieces
  3601 | D        | Bought 3 royal jellies for 24 gold pieces
  3601 | D        | Bought 3 royal jellies for 24 gold pieces
  3601 | D        | Bought 3 royal jellies for 24 gold pieces
  3601 | D        | Bought 3 royal jellies for 24 gold pieces
  3603 | D        | Round 22.
  3609 | D        | Received a gift from Trog
  3618 | D        | HP: 61/183 [spriggan rider/spear (20)]
  3619 | D        | HP: 18/183 [spriggan berserker/war axe of venom (24)]
  3620 | D        | Slain by a spriggan rider

Vault maps used:
D:        arena_sprint

Skill      XL: |  1  2  3  4  5  6  7  8  9 10 11 12 13 14 15 16 17 |
---------------+----------------------------------------------------+-----
Long Blades    | 10 13 14 18 20 22 26 | 26.1
Dodging        | 6 14 15 16 17 21 22 23 | 23.4
Fighting       | 13 15 22 23 24 | 24.7
Stealth        | 3 |  3.7
Shields        | |  3.0

Action                   |  1- 3 |  4- 6 |  7- 9 | 10-12 | 13-15 | 16-18 || total
-------------------------+-------+-------+-------+-------+-------+-------++-------
Melee: Long sword        |    12 |    11 |       |       |       |       ||    23
       Great sword       |       |    25 |    16 |   114 |       |       ||   155
       Tailslap          |       |     8 |     4 |    24 |    69 |    17 ||   122
       Triple sword      |       |       |       |    30 |   223 |    63 ||   316
Invok: Trog's Hand       |       |     3 |     2 |     7 |    11 |     4 ||    27
       Berserk           |       |       |       |     1 |       |     1 ||     2
       Brothers in Arms  |       |       |       |       |     2 |     1 ||     3
Evoke: Wand              |     1 |     1 |       |     6 |     2 |       ||    10
  Use: Potion            |     1 |       |     2 |     5 |     4 |     5 ||    17
       Scroll            |       |       |       |     8 |    14 |     1 ||    23
 Stab: Confused          |       |       |       |     1 |       |       ||     1
       Distracted        |       |       |       |       |     2 |       ||     2
  Eat: Chunk             |       |       |     1 |     1 |     2 |       ||     4
       Royal jelly       |       |       |       |     3 |     2 |     2 ||     7
       Bread ration      |       |       |       |       |     1 |       ||     1
Armor: Skin              |     3 |     7 |     3 |    41 |    28 |    17 ||    99
Dodge: Dodged            |     1 |    18 |     4 |    98 |   121 |    70 ||   312
Block: Shield            |     3 |     7 |       |       |       |       ||    10
       Rpst.: Great sword |       |     3 |     2 |    17 |       |       ||    22
       Long sword        |       |     1 |       |       |       |       ||     1
       Triple sword      |       |       |       |     1 |    35 |    16 ||    52

Table legend:
 A = Kills in this place as a percentage of kills in entire the game.
 B = Kills by you in this place as a percentage of kills by you in the entire game.
 C = Kills by friends in this place as a percentage of kills by friends in the entire game.
 D = Other kills in this place as a percentage of other kills in the entire game.
 E = Experience gained in this place as a percentage of experience gained in the entire game.
 F = Experience gained in this place divided by the number of levels of this place that you have seen.
                   A       B       C       D       E      F
               +-------+-------+-------+-------+-------+----------------------
         Total | 100.0 | 100.0 | 100.0 |  -nan | 100.0 | 124311.0
       Dungeon | 100.0 | 100.0 | 100.0 |  -nan | 100.0 | 124311.0
               +-------+-------+-------+-------+-------+----------------------

Table legend:
 A = Turns spent in this place as a percentage of turns spent in the entire game.
 B = Non-inter-level travel turns spent in this place as a percentage of non-inter-level travel turns spent in the entire game.
 C = Inter-level travel turns spent in this place as a percentage of turns spent in this place.
 D = Turns resting spent in this place as a percentage of non-inter-level travel turns spent in this place.
 E = Turns spent auto-exploring this place as a percentage of non-inter-level travel turns spent in this place.
 F = Non-inter-level travel turns spent in this place divided by the number of levels of this place that you've seen.
                   A       B       C       D       E      F
               +-------+-------+-------+-------+-------+----------------------
         Total | 100.0 | 100.0 |   0.0 |   3.2 |   0.0 | 3128.0
       Dungeon | 100.0 | 100.0 |   0.0 |   3.2 |   0.0 | 3128.0
               +-------+-------+-------+-------+-------+----------------------

Vault maps used:
D:        arena_sprint
